 Dungeon Crawl Stone Soup version 0.31-a0-221-gbddc013574 (webtiles) character file.

Game seed: 4997322142685881436

242 qw the Shooter (level 6, 0/35 HPs)
             Began as a Gargoyle Hexslinger on July 4, 2023.
             Slain by a gnoll
             ... wielding a +0 flail
              (4 damage)
             ... on level 4 of the Dungeon.
             The game lasted 00:01:04 (3123 turns).

qw the Shooter (Gargoyle Hexslinger)                Turns: 3123, Time: 00:01:05

Health: 0/35       AC: 10    Str: 17    XL:     6   Next: 9%
Magic:  7/7        EV: 11    Int: 14    God:
Gold:   113        SH:  0    Dex: 14    Spells: 6/7 levels left

rFire   . . .        Y - +0 shortbow
rCold   . . .        (shield currently unavailable)
rNeg    + . .        f - +0 ring mail
rPois   inf          h - +0 helmet
rElec   +            (no cloak)
rCorr   .            (no gloves)
SInv    .            (no boots)
Will    .....        (no amulet)
Stlth   +            k - +6 ring of strength
HPRegen 0.25/turn    (no ring)
MPRegen 0.10/turn

%: no passive effects
@: about to teleport
A: sickness immunity, AC +4, negative energy resistance 1, electricity
resistance, torment resistance 1, petrification resistance
a: no special abilities


You were on level 4 of the Dungeon.
You visited 1 branch of the dungeon, and saw 4 of its levels.

You collected 113 gold pieces.


Innate Abilities, Weirdness & Mutations

You are immune to sickness and miasma.
Your stone body is resilient. (AC +4)
You are immune to poison.
You resist negative energy. (rN+)
You are resistant to electric shocks. (rElec)
You are resistant to unholy torment.
You are immune to petrification.


   Skills:
 + Level 2.2 Fighting
 - Level 5.4 Ranged Weapons
 - Level 2.0 Armour
 - Level 1.5 Dodging
 - Level 1.0 Spellcasting
 - Level 2.6 Hexes


You had 6 spell levels left.
You knew the following spells:

 Your Spells              Type           Power      Damage    Failure   Level
a - Slow                  Hex            32%        N/A       16%         1

Your spell library contained the following spells:

 Spells                   Type           Power      Damage    Failure   Level
 Inner Flame              Hex/Fire       4%         N/A       63%         3
 Portal Projectile        Hex/Tloc       8%         N/A       63%         3
 Cause Fear               Hex            4%         N/A       83%         4

Inventory:

Hand Weapons
 Y - a +0 shortbow (weapon)
Armour
 f - a +0 ring mail (worn)
 h - a +0 helmet (worn)
Jewellery
 k - a +6 ring of strength (left hand)
Scrolls
 c - a scroll of silence {unknown}
 j - a scroll of identify
Potions
 a - a potion of attraction {unknown}
 d - a potion of might {unknown}
 e - a potion of heal wounds {unknown}
 g - a potion of degeneration {unknown}
 i - a potion of curing

Dungeon Overview and Level Annotations

Branches:
Dungeon (4/15)
 Temple: D:4-7

Altars:
Makhleb

Annotations:
D:3 1 runed translucent door, qw's ghost, amateur GrHs


Message History

The gnoll is heavily wounded.
The gnoll hits you with a +0 flail. The gnoll completely misses you.
You shoot an arrow. The arrow hits the gnoll.
The gnoll is heavily wounded.
The gnoll barely misses you. The gnoll closely misses you.
You shoot an arrow. The arrow hits the gnoll.
The gnoll is heavily wounded.
The gnoll barely misses you. The gnoll hits you but does no damage.
You shoot an arrow. The arrow hits the gnoll.
The gnoll is almost dead.
The gnoll closely misses you. The gnoll hits you but does no damage.
The gnoll misses you. The gnoll closely misses you.
You shoot an arrow. The arrow barely misses the gnoll.
The gnoll closely misses you. The gnoll hits you but does no damage.
You shoot an arrow. The arrow barely misses the gnoll.
The gnoll hits you with a +0 flail. The gnoll closely misses you.
You shoot an arrow. The arrow closely misses the gnoll.
The gnoll closely misses you. The gnoll barely misses you.
You shoot an arrow. The arrow hits the gnoll!
You kill the gnoll!
The gnoll completely misses you. The gnoll barely misses you.
You shoot an arrow. The arrow hits the gnoll.
The gnoll is lightly wounded.
The gnoll barely misses you.
You shoot an arrow. The arrow closely misses the gnoll.
The arrow hits the gnoll but does no damage.
The gnoll barely misses you.
You shoot an arrow. The arrow hits the gnoll.
The gnoll is moderately wounded.
The gnoll closely misses you.
You shoot an arrow. The arrow hits the gnoll.
The gnoll is heavily wounded.
You shoot an arrow. The arrow barely misses the gnoll.
The gnoll closely misses you. The gnoll hits you with a +0 flail!
The gnoll closely misses you. The gnoll hits you with a +0 flail.
3123 ||| READING scroll of teleportation.
As you read the scroll of teleportation, it crumbles to dust.
You feel strangely unstable. The gnoll hits you with a +0 flail.
You die...

#.....
..%.# #....
...# #....
...# #...
..# ... ..#
#.# #.#
#g#######.#
#@g.......#
###########


You could see 2 gnolls.

Vanquished Creatures
  Blork the orc (D:4)
  Natasha (thrice) (D:2)
  A gnoll (D:4)
  3 adders
  A dart slug (D:3)
  An orc (D:2)
  2 bats
  7 endoplasms
  2 giant cockroaches
  4 goblins
  4 hobgoblins
  3 jackals (D:2)
  7 kobolds
  3 quokkas
  9 ball pythons
  3 frilled lizards
  7 rats
61 creatures vanquished.

Notes
Turn   | Place    | Note
-------+----------+-------------------------------------------
     0 | D:1      | qw the Gargoyle Hexslinger began the quest for the Orb.
     0 | D:1      | Reached XP level 1. HP: 12/12 MP: 2/2
     0 | D:1      | 0 ||| qw: Version: 0.3-a-41-g9d075ac
     0 | D:1      | 0 ||| qw: Game counter: 711
     0 | D:1      | 0 ||| qw: Melee chars always use a shield: true
     0 | D:1      | 0 ||| qw: God list: Okawaru
     0 | D:1      | 0 ||| qw: Allow faded altars: false
     0 | D:1      | 0 ||| qw: Do Orc after clearing Dungeon:15 true
     0 | D:1      | 0 ||| qw: Do second Lair branch before Depths: true
     0 | D:1      | 0 ||| qw: Lair rune preference: random
     0 | D:1      | 0 ||| qw: Goals: Normal
     0 | D:1      | 0 ||| PLANNING D:1-11
   203 | D:1      | Reached XP level 2. HP: 16/16 MP: 3/3
   367 | D:1      | Reached skill level 3 in Ranged Weapons
   921 | D:1      | 921 ||| UPGRADING to +0 ring mail.
   931 | D:1      | 931 ||| DROPPING +0 robe.
   932 | D:1      | 932 ||| UPGRADING to +0 helmet.
   937 | D:1      | 937 ||| READING scroll labelled ISIFFE UMOIPPIO.
   938 | D:1      | 938 ||| READING scroll labelled IMEUROESKA.
   939 | D:1      | 939 ||| DROPPING scroll of poison.
  1041 | D:2      | Reached XP level 3. HP: 9/21 MP: 4/4
  1103 | D:2      | Noticed Natasha
  1106 | D:2      | 1106 ||| Stepping ~*~*~tactically~*~*~ (outnumbered).
  1113 | D:2      | HP: 4/21 [Natasha/magic dart (4)]
  1115 | D:2      | HP: 1/21 [Natasha (4)]
  1116 | D:2      | Killed Natasha
  1214 | D:2      | 1214 ||| SWAPPING to +0 shortbow.
  1215 | D:2      | 1215 ||| DROPPING +1 sling.
  1260 | D:2      | Reached XP level 4. HP: 26/26 MP: 5/5
  1430 | D:2      | Noticed Natasha
  1440 | D:2      | Killed Natasha
  1462 | D:2      | Noticed Natasha
  1474 | D:2      | HP: 3/26 [Natasha (6)]
  1476 | D:2      | Killed Natasha
  1477 | D:2      | Reached skill level 4 in Ranged Weapons
  1588 | D:2      | Reached XP level 5. HP: 30/30 MP: 6/6
  2097 | D:2      | 2097 ||| READING 3 scrolls labelled ITILIM GILO.
  2101 | D:2      | 2101 ||| READING scroll labelled PUITEL SIREI.
  2170 | D:3      | Found a burning altar of Makhleb.
  2260 | D:3      | Found a runed translucent door.
  2270 | D:3      | Noticed qw's ghost (amateur GrHs)
  2801 | D:3      | 2801 ||| UPGRADING to +6 ring of strength.
  2802 | D:3      | 2802 ||| READING scroll labelled FAIHYATHREASS.
  2803 | D:3      | 2803 ||| DRINKING 2 purple potions.
  2804 | D:3      | 2804 ||| DROPPING potion of brilliance.
  2965 | D:4      | Noticed Blork the orc
  2977 | D:4      | HP: 4/30 [Blork the orc/puff of frost (6)]
  2978 | D:4      | 2978 ||| READING 2 scrolls of teleportation.
  2979 | D:4      | Killed Blork the orc
  2980 | D:4      | Reached skill level 5 in Ranged Weapons
  2980 | D:4      | Reached XP level 6. HP: 6/35 MP: 7/7
  3122 | D:4      | HP: 5/35 [gnoll/+0 flail (8)]
  3123 | D:4      | 3123 ||| READING scroll of teleportation.
  3123 | D:4      | Slain by a gnoll

Levels and vault maps discovered:
D:1:      minmay_arrival_doors, layout_basic,
          nicolae_concentric_dashed_squares_mild
D:2:      layout_loops_corners, minmay_circled_x, uniq_natasha
D:3:      layout_loops_ring, lemuel_doored_altar, gammafunk_ghost_grave
D:4:      layout_basic, okawaru_ov_weapons_minmay, uniq_pargi,
          uniq_blork_the_orc, uniq_sigmund, uniq_eustachio

Skill      XL: |  1  2  3  4  5 |
---------------+----------------+-----
Ranged Weapons | 3 4 5 |  5.4
Fighting       | 2 |  2.2
Armour         | 2 |  2.0
Dodging        | |  1.5
Spellcasting   | |  1.0
Hexes          | |  2.6

Action                     |  1- 3 |  4- 6 || total
---------------------------+-------+-------++-------
   Fire: Sling             |    92 |       ||    92
         Shortbow          |     6 |   164 ||   170
    Use: Scroll            |     2 |     5 ||     7
         Potion            |       |     1 ||     1
 Armour: Robe              |     9 |       ||     9
         Ring mail         |    32 |    64 ||    96
  Dodge: Dodged            |    35 |    83 ||   118

Table legend:
 A = Non-vault XP
 B = Vault XP
 C = Vault XP percentage of total XP
 D = Non-vault monster count
 E = Vault monster count
 F = Vault count percentage of total count
                 A         B        C        D         E       F
            +---------+---------+-------+---------+---------+-------
      Total |     209 |     138 |  39.8 |      55 |       6 |   9.8
            +---------+---------+-------+---------+---------+-------
        D:1 |      29 |       0 |   0.0 |      17 |       0 |   0.0
        D:2 |     119 |      44 |  27.0 |      25 |       5 |  16.7
        D:3 |      42 |       0 |   0.0 |       9 |       0 |   0.0
        D:4 |      19 |      94 |  83.2 |       4 |       1 |  20.0
            +---------+---------+-------+---------+---------+-------
